 Dungeon Crawl Stone Soup version 0.27-a0-1090-gb115f176c6 (webtiles) character file.

Game seed: 6894876420605258081

43 voltaire321 the Insei (level 3, -5/23 HPs)
             Began as an Octopode Transmuter on Apr 28, 2021.
             Was an Initiate of the Shining One.
             Slain by an orc priest
             ... wielding a +0 hand axe
              (6 damage)
             ... on level 3 of the Dungeon.
             The game lasted 00:03:47 (2215 turns).

voltaire321 the Insei (Octopode Transmuter)         Turns: 2215, Time: 00:03:48

Health: -5/23      AC:  1    Str:  9    XL:     3   Next: 58%
Magic:  6/6        EV: 13    Int: 15    God:    the Shining One [......]
Gold:   70         SH:  0    Dex: 13    Spells: 3/6 levels left

rFire    + . .     SeeInvis .   k - +0 short sword (venom)
rCold    . . .     Faith    .   (no shield)
rNeg     . . .     Spirit   .   (helmet currently unavailable)
rPois    .         Reflect  .   (no amulet)
rElec    .         Harm     .   c - ring of protection from fire
rCorr    .         Rampage  .   (no ring)
Will     .....                  (no ring)
Stlth    +.........             (no ring)
HPRegen  0.07/turn              (no ring)
MPRegen  0.10/turn              (no ring)
                                (no ring)
                                (no ring)

@: appendages (expiring), glowing
A: tentacle spike 3, almost no armour, amphibious, 8 rings, camouflage 1,
gelatinous body 1, (nimble swimmer 1), tentacles
a: End Transformation, Renounce Religion


You were on level 3 of the Dungeon.
You worshipped the Shining One.
The Shining One was noncommittal.
One of your tentacles had grown a beastly spike.
You visited 1 branch of the dungeon, and saw 3 of its levels.

You collected 70 gold pieces.

Inventory:

Hand Weapons
 k - a +0 short sword of venom (weapon)
Missiles
 l - 4 boomerangs
Jewellery
 c - a ring of protection from fire (left tentacle)
Scrolls
 a - a scroll of enchant weapon {unknown}
 d - a scroll of enchant armour {unknown}
 g - a scroll of noise {unknown}
 i - a scroll of holy word {unknown}
 j - a scroll of amnesia {unknown}
 m - 3 scrolls of fog {unknown}
Potions
 b - a potion of curing {unknown}
 e - a potion of brilliance {unknown}
 f - 2 potions of attraction {unknown}
 h - 2 potions of magic {unknown}
 n - a potion of ambrosia {unknown}


   Skills:
 + Level 1.6 Fighting
 + Level 2.4 Dodging
 + Level 3.3 Unarmed Combat
 + Level 2.3 Spellcasting
 + Level 2.3 Transmutations
 + Level 0.6 Invocations


You had 3 spell levels left.
You knew the following spells:

 Your Spells              Type           Power      Damage    Failure   Level
a - Beastly Appendage     Tmut           16%        N/A       9%          1
b - Wereblood             Tmut           8%         N/A       12%         2

Your spell library contained the following spells:

 Spells                   Type           Power      Damage    Failure   Level
 Magic Dart               Conj           4%         1d3       22%         1
 Blink                    Tloc           N/A        N/A       32%         2
 Call Imp                 Summ           1%         N/A       32%         2
 Slow                     Hex            1%         N/A       32%         2
 Spider Form              Tmut/Pois      2%         N/A       36%         3
 Conjure Flame            Conj/Fire      1%         6-21      54%         3
 Mephitic Cloud           Conj/Pois/Air  1%         N/A       54%         3
 Ice Form                 Ice/Tmut       5%         N/A       78%         4
 Hydra Form               Tmut           4%         N/A       92%         5


Dungeon Overview and Level Annotations

Branches:
Dungeon (3/15)

Altars:
The Shining One

Shops:
D:2 [


Innate Abilities, Weirdness & Mutations

One of your tentacles has grown a beastly spike.
You cannot wear most types of armour.
You are amphibious.
You can wear up to eight rings at the same time.
Your skin changes colour to match your surroundings (Stealth+).
Your rubbery body absorbs attacks. (AC +1, EV +1)
((You are camouflaged near water. (Stealth+)))
You have tentacles for arms and can constrict up to eight enemies at once.


Message History

Found a stone staircase leading up.
A frilled lizard comes into view.
There is a stone staircase leading up here.
An orc comes into view. It is wielding a +0 trident.
The orc shouts!
You hear a shout!
The orc moves out of view.
An orc comes into view. It is wielding a +0 whip.
Casting: Beastly Appendage (safe; 9% risk of failure)
Confirm with . or Enter, or press ? or * to list all spells.
One of your tentacles grows a vicious spike.
An orc priest comes into view. It is wielding a +0 hand axe.
You hit the frilled lizard.
You kill the frilled lizard!
An orc wizard comes into view. It is wielding a +0 dagger.
The orc hits you from afar with a +0 trident.
The orc barely misses you.
You barely miss the orc. Your grab misses the orc. The orc barely misses you.
The orc hits you with a +0 whip!
You hit the orc but do no damage.
The orc is poisoned.
Your grab misses the orc. You squeeze the orc.
The orc is moderately wounded.
The orc misses you.
You hit the orc priest.
The orc priest is poisoned.
Your grab misses the orc priest.
The orc priest is moderately wounded.
The orc hits you from afar with a +0 trident!
The orc hits you with a +0 whip.
* * * LOW HITPOINT WARNING * * *
The orc priest hits you with a +0 hand axe.
* * * LOW HITPOINT WARNING * * *
You hit the orc priest.
The orc priest looks as sick as possible!
Your grab misses the orc priest. You squeeze the orc priest.
The orc priest is severely wounded.
Your transformation is almost over.
The orc hits you from afar with a +0 trident.
The Shining One protects you from harm! The orc barely misses you.
The orc priest hits you with a +0 hand axe.
You die...

.........## #.........#
#..#####..# #..# #..#
#..# #..# ##### #..#
#..# #...
#..#####..######.###
...[.....)....<.ooo#
#..###.#..######@#..oooo
#..# #.#..# #.# #####
...# #.#..# #.#
#..###.#..### #.#
#.<.....)...# #.#
#.........#.# #.#
###.####.## ..# #.# #.#
### ... #.#


You could see an orc priest (extremely poisoned) and 2 orcs.

Vanquished Creatures
  An adder (D:2)
  A worm (D:2)
  3 orcs
  An endoplasm (D:1)
  A giant cockroach (D:1)
  3 goblins
  A hobgoblin (D:2)
  6 jackals
  2 kobolds
  2 ball pythons (D:2)
  A bat (D:2)
  A frilled lizard (D:3)
  4 rats
27 creatures vanquished.

Notes
Turn   | Place    | Note
-------+----------+-------------------------------------------
     0 | D:1      | voltaire321 the Octopode Transmuter began the quest for the
                  | Orb.
     0 | D:1      | Reached XP level 1. HP: 13/13 MP: 3/3
    54 | D:1      | Reached XP level 2. HP: 7/18 MP: 5/5
   211 | D:1      | Learned a level 2 spell: Wereblood
   970 | D:2      | Found Mifa's Armour Shop.
  1103 | D:2      | Found a glowing golden altar of the Shining One.
  1126 | D:2      | Became a worshipper of the Shining One
  1340 | D:2      | Reached XP level 3. HP: 15/23 MP: 4/6
  1566 | D:2      | Found a faded altar of an unknown god.
  2214 | D:3      | HP: 1/23 [orc priest/+0 hand axe (3)]
  2215 | D:3      | The Shining One protects you from harm!
  2215 | D:3      | Slain by an orc priest

Illustrated notes

Levels and vault maps discovered:
D:1:      wander_arrival_fairy_ring, layout_basic
D:2:      layout_loops_ring, serial_shops, shop,
          shapermc_ecumenical_altar_mp_highgroup, basic_altar
D:3:      layout_loops_ring, gammafunk_ghost_nasty_kobolds, grunt_ministairs_3

Action                   || total
-------------------------++-------
Melee: Unarmed           ||    61
       Constrict         ||    20
       Kick              ||    19
       Tentacles         ||    10
       Punch             ||     1
       Short sword       ||     6
 Cast: Beastly Appendage ||    17
 Stab: Sleeping          ||     3
Armor: Skin              ||     5
Dodge: Dodged            ||    41

Table legend: (Time is in decaauts)
 A = Elapsed time spent in this place.
 B = Non-inter-level travel time spent in this place.
 C = Inter-level travel time spent in this place.
 D = Time resting spent in this place.
 E = Time spent auto-exploring this place.
 F = Levels seen in this place.
 G = Mean time per level.
                   A        B        C        D        E       F      G
               +--------+--------+--------+--------+--------+-----+--------+
         Total |   2211 |   2178 |     33 |    359 |   1602 |   3 |  737.0 |
       Dungeon |   2211 |   2178 |     33 |    359 |   1602 |   3 |  737.0 |
               +--------+--------+--------+--------+--------+-----+--------+

Top non-repeatable levels by time:
     D:2: 1106 daAuts
     D:1: 915 daAuts
     D:3: 189 daAuts
